 Dungeon Crawl Stone Soup version 0.19-a0-1714-gcab94ab (webtiles) character file.

296 Ijustatesigmund the Ducker (level 6, -2/30 HPs)
             Began as a Spriggan Hunter on Sept 28, 2016.
             Was a Follower of Ashenzari.
             Slain by dvd's ghost (9 damage)
             ... on level 5 of the Dungeon.
             The game lasted 00:18:31 (4316 turns).

Ijustatesigmund the Ducker (Spriggan Hunter)        Turns: 4316, Time: 00:18:32

Health: -2/30      AC:  6    Str:  8    XL:     6   Next: 12%
Magic:  7/7        EV: 22    Int: 13    God:    Ashenzari [*.....]
Gold:   274        SH:  0    Dex: 18    Spells: 0 memorised, 5 levels left

rFire  . . .     SeeInvis +     a - +0 short sword
rCold  . . .     Gourm    .     b - +1 robe (curse)
rNeg   . . .     Faith    .     (shield restricted)
rPois  .         Spirit   .     (helmet restricted)
rElec  .         Dismiss  .     o - +1 cloak (curse)
rCorr  .         Reflect  .     (gloves unavailable)
MR     +....     Harm     .     (boots unavailable)
Stlth  ++++......               (no amulet)
                                (no ring)
                                (no ring)

@: very quick
A: unfitting armour, see invisible, herbivore 3, speed 3, slow metabolism 2
a: Curse Item, Scrying, Renounce Religion


You were on level 5 of the Dungeon.
You worshipped Ashenzari.
Ashenzari was aware of your devotion.
You were full.

You visited 1 branch of the dungeon, and saw 5 of its levels.
You also visited: Sewer.

You collected 274 gold pieces.

Inventory:

Hand Weapons
 a - a +0 short sword (weapon)
Missiles
 c - 7 tomahawks (quivered)
Armour
 b - a cursed +1 robe (worn)
 o - a cursed +1 cloak (worn)
Wands
 h - a wand of flame (4/48)
Scrolls
 e - 2 scrolls of teleportation
 g - a scroll of remove curse
 i - 2 scrolls of blinking
 m - 2 scrolls of identify
Potions
 d - a potion of haste
 j - 2 potions of mutation
 k - a potion of lignification
 l - a potion of invisibility
Comestibles
 f - a bread ration


   Skills:
 - Level 1.5 Fighting
 + Level 2.9 Short Blades
 - Level 4.0 Throwing
 - Level 6.2 Dodging
 + Level 6.0 Stealth
 + Level 1.0 Evocations


You had 5 spell levels left.
You didn't know any spells.

Dungeon Overview and Level Annotations

Branches:
Dungeon (5/15)
 Temple: D:4-7

Altars:
Ashenzari
Ru
Beogh

Annotations:
D:3 Terence
D:4 Blork the orc, Dowan, Duvessa, Grinder
D:5 Prince Ribbit; Sigmund; dvd's ghost, novice GrFi


Innate Abilities, Weirdness & Mutations

You are very small and have problems with some larger weapons.
You are too small for most types of armour.
You have supernaturally acute eyesight. (SInv)
You are a herbivore.
You cover ground extremely quickly.
You need consume almost no food.


Message History

Dvd's ghost says, "You can hit me, but you can't hurt me."
You completely miss the shadow imp.
The shadow imp is lightly wounded.
The shadow imp completely misses you.
You hit the shadow imp but do no damage.
The shadow imp is lightly wounded.
The shadow imp closely misses you. Dvd's ghost closely misses you.
You hit the shadow imp but do no damage.
The shadow imp is lightly wounded.
The shadow imp lashes its tail.
The shadow imp hits you but does no damage.
Dvd's ghost hits you!
You hit the shadow imp.
The shadow imp is lightly wounded.
The shadow imp misses you. Dvd's ghost hits you!
* * * LOW HITPOINT WARNING * * *
You hit the shadow imp but do no damage.
The shadow imp is lightly wounded.
The shadow imp barely misses you. Dvd's ghost hits you!
You die...

.....
....
#... ...
..#
#.###.#
#5W...#
#@#.#
#.#.#
#.#.#
##.#.#
#....#
#...#..#
#.#...##
#.##.##
# #.


You could see dvd's ghost and a shadow imp.

Vanquished Creatures
  A hound (D:3)
  2 orc priests
  An orc wizard (D:4)
  3 worker ants
  A howler monkey skeleton (D:5)
  2 adders
  An ooze (D:2)
  2 dart slugs
  2 leopard geckos
  4 orcs
  2 giant cockroaches
  2 goblins (D:2)
  7 hobgoblins
  3 jackals (D:3)
  14 kobolds
  2 quokkas
  A ball python (D:2)
  9 bats
  8 frilled lizards
  2 rats
69 creatures vanquished.

Notes
Turn   | Place    | Note
-------+----------+-------------------------------------------
     0 | D:1      | Ijustatesigmund the Spriggan Hunter began the quest for the Orb.
     0 | D:1      | Reached XP level 1. HP: 10/10 MP: 2/2
   260 | D:1      | Reached XP level 2. HP: 8/14 MP: 3/3
   960 | D:2      | Found a faded altar of an unknown god.
  1152 | D:2      | Found a shattered altar of Ashenzari.
  1153 | D:2      | Reached XP level 3. HP: 18/18 MP: 4/4
  1171 | D:2      | Became a worshipper of Ashenzari the Shackled
  1598 | D:3      | Noticed Terence
  1653 | D:3      | Found a glowing drain.
  1664 | Sewer    | Entered a sewer
  1759 | Sewer    | Noticed Purgy
  2265 | D:3      | Reached XP level 4. HP: 20/22 MP: 5/5
  2550 | D:3      | Found a roughly hewn altar of Beogh.
  2563 | D:3      | Reached skill level 1 in Short Blades
  2563 | D:3      | Reached skill level 5 in Dodging
  2647 | D:4      | Reached * piety under Ashenzari
  2676 | D:3      | Reached XP level 5. HP: 25/25 MP: 6/6
  2700 | D:4      | Noticed Grinder
  2805 | D:3      | Reached skill level 5 in Stealth
  3064 | D:4      | Noticed Blork the orc
  3095 | D:4      | HP: 1/25 [poisoned by a worker ant]
  3609 | D:4      | Reached XP level 6. HP: 17/30 MP: 7/7
  3748 | D:4      | Noticed Duvessa
  3812 | D:4      | Found a sacrificial altar of Ru.
  4145 | D:4      | Noticed Dowan
  4222 | D:5      | Entered Level 5 of the Dungeon
  4239 | D:5      | Reached skill level 1 in Evocations
  4241 | D:5      | Noticed Prince Ribbit
  4258 | D:5      | Noticed Sigmund
  4307 | D:5      | Noticed dvd's ghost (novice GrFi)
  4316 | D:5      | Slain by dvd's ghost

Vault maps used:
D:1:      onia_arrival_pyramid, minivault_5, minmay_misc_feat_diagonals
D:2:      evilmike_ruin_ashenzari, first_bread, ecumenical_altar_2,
          hangedman_decor_points
D:3:      portal_sewer_entry_d, kennysheep_orc_chapel, uniq_terence
D:4:      nicolae_overflow_crystal_walls, uniq_grinder, uniq_duvessa,
          uniq_blork_the_orc
D:5:      uniq_sigmund, uniq_prince_ribbit1
Sewer:    kennysheep_door_sewer

Skill      XL: |  1  2  3  4  5  6 |
---------------+-------------------+-----
Stealth        | 2 3 4 5 6 |  6.0
Dodging        | 4 5 6 |  6.2
Short Blades   | 1 2 |  2.9
Evocations     | 1 |  1.0
Fighting       | |  1.5
Throwing       | |  4.0

Action                   |  1- 3 |  4- 6 || total
-------------------------+-------+-------++-------
Melee: Short sword       |   171 |   118 ||   289
Throw: Tomahawk          |    20 |    16 ||    36
       Throwing net      |     2 |       ||     2
Invok: Curse Item        |     1 |     1 ||     2
Evoke: Wand              |     6 |       ||     6
  Use: Scroll            |    14 |     5 ||    19
       Potion            |       |     3 ||     3
 Stab: Sleeping          |    13 |    11 ||    24
  Eat: Bread ration      |       |     1 ||     1
Armor: Robe              |    32 |    17 ||    49
Dodge: Dodged            |   197 |    96 ||   293
